 Dungeon Crawl Stone Soup version 0.28.0-43-g3370ac3207 (webtiles) character file.

Game seed: 3587109096243196046

74 DearestLeader the Skirmisher (level 4, -2/61 HPs)
             Began as a Minotaur Fighter on Mar 21, 2022.
             Slain by a gnoll
             ... wielding a +0 halberd
              (8 damage)
             ... on level 2 of the Dungeon.
             The game lasted 00:02:22 (1265 turns).

DearestLeader the Skirmisher (Minotaur Fighter)     Turns: 1265, Time: 00:02:23

Health: -2/61      AC: 22    Str: 22    XL:     4   Next: 10%
Magic:  3/3        EV:  2    Int:  5    God:
Gold:   23         SH:  4    Dex: 10    Spells: 3/3 levels left

rFire   . . .      SeeInvis .   a - +0 war axe
rCold   . . .      Faith    .   c - +0 buckler
rNeg    . . .      Spirit   .   (armour currently unavailable)
rPois   +          Reflect  .   (helmet currently unavailable)
rElec   .          Harm     .   (cloak currently unavailable)
rCorr   .          Rampage  .   (gloves currently unavailable)
Will    .....      NoTele   +   (boots currently unavailable)
Stlth   +.........              (no amulet)
HPRegen 0.20/turn               (no ring)
MPRegen 0.08/turn               (no ring)

@: tree-form, attractive
A: stationary, stasis, torment immunity, boosted hp, (horns 2), (retaliatory
headbutt)
a: no special abilities


You were on level 2 of the Dungeon.
You were a tree.
You visited 1 branch of the dungeon, and saw 2 of its levels.

You collected 23 gold pieces.

Inventory:

Hand Weapons
 a - a +0 war axe (weapon)
Armour
 b - a +0 scale mail (melded)
 c - a +0 buckler (worn)
Jewellery
 e - a ring of willpower
Scrolls
 h - a scroll of teleportation {unknown}
Potions
 d - a potion of might
 g - a potion of attraction
 i - a potion of curing {unknown}


   Skills:
 + Level 4.4 Fighting
 + Level 3.3 Axes
 - Level 4.0 Armour
 + Level 1.8 Dodging
 - Level 4.0 Shields


You had 3 spell levels left.
You didn't know any spells.
Your spell library was empty.

Dungeon Overview and Level Annotations

Branches:
Dungeon (2/15)

Altars:

Shops:
D:1 !


Innate Abilities, Weirdness & Mutations

You are a tree.
Your roots penetrate the ground, keeping you stationary.
You cannot be teleported.
You are immune to unholy pain and torment.
Your maximum health is greatly increased.
Your equipment is partially melded.
((You have a pair of horns on your head.))
((You reflexively headbutt those who attack you in melee.))


Message History

The ball python barely misses you. x2; The ball python grabs you.
The ball python constricts you.
You barely miss the ball python.
The ball python bites you but does no damage.
The ball python constricts you.
You slash the ball python!
You kill the ball python!
You hit the hobgoblin.
You kill the hobgoblin!
No target in view!
i - a sedimented blue potion You see here 10 arrows.
The gnoll shouts! x2
The gnoll hits you from afar with a +0 halberd!
You block the gnoll's attack.
You closely miss the gnoll.
The gnoll hits you from afar with a +0 halberd.
The gnoll closely misses you. You block the gnoll's attack.
The gnoll closely misses you.
You slash the gnoll!
You kill the gnoll!
You block the gnoll's attack.
You have reached level 4!
You feel agile. You block the gnoll's attack.
You see here a +0 spear.
You barely miss the gnoll. The gnoll hits you with a +0 halberd!
You closely miss the gnoll. The gnoll closely misses you.
The gnoll hits you with a +0 halberd.
You barely miss the gnoll. The gnoll hits you with a +0 halberd!
* * * LOW HITPOINT WARNING * * *
It was a potion of attraction.
You feel attractive to monsters. The gnoll barely misses you.
It was a potion of lignification.
You turn into a tree.
Your +0 scale mail melds into your body.
Your roots penetrate the ground.
The gnoll hits you but does no damage.
You barely miss the gnoll.
The gnoll hits you but does no damage. x2
You completely miss the gnoll. The gnoll hits you with a +0 halberd!
You die...

............>..#
.##...#####...<####
.##.#.[...........###
.#..÷..##...........(
.#.#.#.....÷......#
.#.#.#####.÷...##.#####
........#.............#
...#.##.#.#....#.$.##.###
.....##.#.#.#...♣g.......
..........÷.#.##)..##.###
#...###.#.....###.##
.......(............
....###.#.#########.#
#.#.# #.#.# .# #.#.#
#.#.# . #.#.# #.#.# ##
#.#.# #..(# ##


You could see a gnoll.

Vanquished Creatures
  An adder (D:2)
  3 gnolls
  A worm (D:2)
  A dart slug (D:1)
  2 endoplasms
  A giant cockroach (D:1)
  4 goblins (D:1)
  3 hobgoblins
  3 quokkas
  4 ball pythons
  2 bats
  3 frilled lizards (D:1)
  2 kobolds
  5 rats
35 creatures vanquished.

Vanquished Creatures (others)
  2 plants (D:1)
2 creatures vanquished.

Grand Total: 37 creatures vanquished

Notes
Turn   | Place    | Note
-------+----------+-------------------------------------------
     0 | D:1      | DearestLeader the Minotaur Fighter began the quest for the
                  | Orb.
     0 | D:1      | Reached XP level 1. HP: 19/19 MP: 0/0
    97 | D:1      | Found Yxzer's Distillery.
   241 | D:1      | Reached XP level 2. HP: 25/27 MP: 1/1
   425 | D:1      | Reached skill level 1 in Dodging
   689 | D:2      | Reached XP level 3. HP: 20/33 MP: 2/2
  1258 | D:2      | Reached XP level 4. HP: 24/41 MP: 3/3
  1265 | D:2      | Slain by a gnoll

Illustrated notes

Levels and vault maps discovered:
D:1:      minmay_arrival_nine_rooms, layout_rooms, serial_shops, shop,
          kennysheep_decorative_pillar, serial_bayou_ford_a,
          minmay_misc_feat_cross
D:2:      layout_loops_ring

Skill      XL: |  1  2 |
---------------+-------+-----
Dodging        | 1 |  1.8
Fighting       | 4 |  4.4
Axes           | 3 |  3.3
Armour         | 4 |  4.0
Shields        | 4 |  4.0

Action                   |  1- 3 |  4- 6 || total
-------------------------+-------+-------++-------
Melee: War axe           |    75 |     5 ||    80
       Headbutt          |     7 |       ||     7
  Use: Potion            |       |     2 ||     2
Armor: Scale mail        |    45 |       ||    45
       Skin              |       |     3 ||     3
Dodge: Dodged            |    47 |     2 ||    49
Block: Buckler           |    31 |     1 ||    32
